Map: [ESL] Dragon Scales

Players

GuMiho

  • Race: Terran Terran
  • Spawn Location: 11:00

Cure - Winner!

  • Race: Terran Terran
  • Spawn Location: 5:00

Event: ESL SC2 Masters 2023 Summer (Finals)

VOD

Have the link to the VOD?

Description

Time

  • Played on: June 18, 2023, 7:19 a.m.
  • Length: 13:23

All games in this series

Show
View Real Time Build Order
Export as new Build Order

GuMiho Terran 

Build Orders:  

Get SALT Encoding   

  12  0:00  SCV  
  13  0:12  SCV  
  14  0:16  Supply Depot  
  14  0:24  SCV  
  15  0:38  SCV  
  15  0:40  Barracks  
  15  0:42  Refinery  
  16  0:50  SCV  
  16  0:52  Refinery  
  17  1:02  SCV  
  18  1:14  SCV  
  19  1:27  Orbital Command, Barracks Reactor  
  19  1:33  Supply Depot  
  19  1:40  Factory  
  19  1:53  SCV  
  20  2:04  Reaper x2  
  20  2:05  SCV  
  23  2:17  SCV  
  24  2:29  SCV  
  26  2:36  Command Center, Reaper x2  
  26  2:41  SCV  
  27  2:44  Starport  
  27  2:50  Supply Depot  
  27  2:53  Factory Tech Lab  
  27  2:56  SCV  
  28  3:08  SCV, Marine  
  28  3:09  Marine  
  31  3:14  Siege Tank  
  34  3:20  SCV  
  34  3:23  Medivac  
  34  3:26  Marine  
  38  3:27  Marine  
  39  3:47  Marine x2, SCV  
  39  3:48  Siege Tank  
  45  3:52  Orbital Command  
  45  3:59  Supply Depot  
  45  4:00  SCV  
  46  4:06  Marine, Medivac  
  46  4:07  Marine  
  50  4:12  SCV  
  50  4:16  Refinery  
  51  4:18  SCV  
  52  4:24  Marine  
  52  4:29  Marine  
  53  4:33  SCV x2  
  53  4:34  Siege Tank  
  58  4:42  Marine  
  58  4:43  Supply Depot  
  58  4:45  SCV x2  
  61  4:47  Marine, Supply Depot  
  61  4:51  Medivac  
  60  4:59  SCV x2  
  54  5:00  Marine  
  54  5:05  Marine  
  56  5:09  Siege Tank  
  56  5:11  SCV x2  
  61  5:18  Marine  
  62  5:22  Marine  
  62  5:24  SCV  
  62  5:26  SCV  
  62  5:27  Command Center  
  65  5:29  Starport Reactor  
  65  5:35  Refinery  
  65  5:36  SCV  
  65  5:41  SCV, Siege Tank  
  70  5:45  Supply Depot  
  70  5:48  SCV  
  71  5:53  SCV  
  72  6:00  SCV  
  71  6:07  SCV, Viking  
  71  6:08  Viking  
  75  6:12  SCV  
  75  6:13  Siege Tank  
  75  6:16  Starport  
  71  6:19  SCV  
  71  6:24  SCV  
  73  6:25  Factory  
  73  6:31  SCV  
  74  6:36  SCV  
  75  6:40  Viking x2  
  75  6:43  SCV  
  80  6:48  SCV  
  80  6:53  Viking x2  
  85  6:57  SCV  
  85  7:00  Engineering Bay, Siege Tank, SCV  
  85  7:01  Refinery  
  90  7:02  Refinery  
  90  7:07  Orbital Command  
  90  7:10  SCV, Factory Tech Lab  
  90  7:12  Viking  
  90  7:13  SCV, Supply Depot x2  
  93  7:17  Viking  
  93  7:22  SCV  
  96  7:25  SCV, Viking  
  99  7:34  SCV  
  99  7:35  Viking  
  102  7:37  SCV  
  102  7:38  SCV  
  102  7:43  Siege Tank, Supply Depot  
  107  7:44  Supply Depot  
  107  7:46  SCV  
  107  7:47  Siege Tank  
  107  7:50  SCV  
  107  7:51  SCV  
  113  7:57  Viking  
  115  8:01  Viking  
  115  8:04  Viking  
  119  8:12  SCV x3  
  121  8:15  Viking  
  121  8:19  Supply Depot  
  123  8:24  SCV x3  
  126  8:30  Viking x2  
  130  8:34  Viking  
  130  8:36  SCV  
  133  8:41  SCV x2  
  123  8:48  SCV  
  123  8:53  Viking  
  105  9:00  SCV x2, Viking x2  
  105  9:01  SCV  
  101  9:10  Liberator  
  101  9:12  SCV  
  101  9:13  SCV x2  
  106  9:17  Siege Tank  
  106  9:18  Siege Tank  
  106  9:23  Liberator  
  115  9:25  SCV  
  115  9:27  Command Center  
  115  9:30  Liberator x2  
  122  9:32  Supply Depot  
  122  9:34  Supply Depot  
  114  9:49  Siege Tank  
  114  9:50  Siege Tank  
  120  9:53  Orbital Command  
  120  9:56  Fusion Core  
  120  10:03  SCV x2  
  122  10:12  Refinery  
  122  10:14  Liberator  
  122  10:15  Liberator  
  122  10:17  SCV x2  
  130  10:32  Siege Tank  
  122  10:37  Orbital Command, Siege Tank  
  121  10:45  Orbital Command  
  125  11:06  Advanced Ballistics  
  122  11:12  Missile Turret  
  122  11:13  Missile Turret  
  122  11:14  Missile Turret  
  122  11:17  Refinery  
  121  11:20  Missile Turret x2, Siege Tank  
  121  11:22  Missile Turret  
  121  11:24  Siege Tank  
  127  11:28  Missile Turret  
  127  11:29  Missile Turret  
  127  11:31  Missile Turret  
  127  11:32  Liberator  
  127  11:33  Liberator  
  130  11:43  Missile Turret  
  130  11:44  Liberator  
  115  11:56  SCV  
  115  11:57  SCV x3  
  115  11:58  Siege Tank  
  110  12:01  Siege Tank  
  108  12:09  SCV x4  
  108  12:12  Liberator  
  115  12:21  SCV x4  
  115  12:33  SCV  
  115  12:34  SCV  
  110  12:42  Viking x3  
  116  12:49  SCV  
  118  13:10  SCV x2  
Show
View Real Time Build Order
Export as new Build Order

Cure Terran - Winner!

Build Orders: Reaper Expand 

Get SALT Encoding   

  12  0:00  SCV  
  13  0:12  SCV  
  14  0:16  Supply Depot  
  14  0:24  SCV  
  15  0:38  SCV  
  15  0:39  Barracks  
  15  0:42  Refinery  
  16  0:50  SCV  
  17  1:02  SCV  
  18  1:14  SCV  
  19  1:26  Orbital Command, Reaper  
  20  1:42  Command Center  
  20  1:51  Supply Depot  
  20  1:52  SCV  
  21  1:58  Marine  
  22  2:04  SCV  
  22  2:08  Factory  
  23  2:15  Bunker  
  23  2:17  SCV  
  23  2:20  Marine  
  25  2:29  SCV  
  26  2:35  Refinery  
  26  2:38  Marine  
  26  2:41  SCV  
  28  2:52  Hellion  
  28  2:53  SCV  
  28  2:54  Orbital Command  
  28  2:56  Starport  
  31  2:58  Marine  
  31  3:05  SCV  
  33  3:13  Factory Tech Lab  
  33  3:16  Marine  
  33  3:17  SCV  
  35  3:21  SCV  
  36  3:29  SCV, Refinery  
  36  3:33  SCV, Supply Depot  
  38  3:35  Barracks Reactor, Siege Tank  
  38  3:36  Starport Tech Lab  
  41  3:42  SCV  
  41  3:45  SCV  
  41  3:47  Supply Depot  
  43  3:54  SCV  
  44  3:57  Raven, SCV  
  47  4:05  Command Center  
  47  4:11  Cyclone  
  47  4:13  SCV  
  47  4:15  SCV  
  47  4:16  Marine  
  53  4:17  Marine  
  54  4:25  SCV  
  54  4:27  SCV  
  54  4:37  Marine x2, Supply Depot x2, SCV  
  54  4:58  Raven, Marine x2, Siege Tank, SCV x2  
  61  5:00  Refinery  
  60  5:10  SCV x2, Supply Depot  
  61  5:16  Marine  
  62  5:23  Marine  
  62  5:24  SCV x2, Refinery  
  62  5:27  Orbital Command  
  65  5:36  SCV x2  
  65  5:38  Supply Depot  
  65  5:40  Siege Tank  
  70  5:46  Viking x2  
  70  5:48  SCV, Supply Depot  
  75  5:50  Stimpack, Marine  
  75  5:52  SCV  
  77  6:00  SCV x2  
  77  6:04  SCV  
  77  6:07  Marine  
  77  6:12  SCV x2  
  77  6:14  Siege Tank  
  77  6:16  Barracks, SCV  
  83  6:23  Barracks, Orbital Command  
  83  6:26  Viking x2  
  83  6:28  SCV  
  83  6:29  SCV  
  87  6:36  Marine  
  85  6:41  SCV x2  
  85  6:44  Engineering Bay, Supply Depot  
  85  6:45  Engineering Bay  
  87  6:47  Siege Tank  
  87  6:48  SCV  
  87  6:53  SCV x2  
  93  7:04  Supply Depot  
  93  7:05  Marine, Viking x2  
  93  7:06  Supply Depot  
  93  7:08  SCV x3, Barracks Reactor  
  101  7:10  Barracks Reactor  
  101  7:22  Supply Depot x2  
  101  7:26  Marine, SCV x3  
  101  7:28  Siege Tank  
  108  7:31  Combat Shield  
  108  7:41  Barracks, Viking  
  108  7:42  Barracks  
  108  7:43  Viking  
  112  7:46  Supply Depot  
  112  7:47  SCV x3  
  112  7:50  Marauder  
  117  7:54  Terran Infantry Weapons Level 1, Terran Infantry Armor Level 1  
  115  8:01  Marine x4  
  115  8:03  SCV x3  
  121  8:08  Siege Tank  
  121  8:10  Refinery  
  121  8:11  Refinery  
  123  8:14  Viking, Supply Depot  
  125  8:22  SCV x2  
  125  8:23  SCV  
  125  8:26  Marine x2  
  125  8:27  Marine x3  
  126  8:33  Marine x2  
  130  8:34  SCV x2  
  130  8:39  SCV  
  130  8:40  Siege Tank  
  134  8:44  Marine x4  
  134  8:45  Marine  
  134  8:47  SCV x2  
  132  8:51  Marine, SCV  
  132  8:53  Medivac  
  132  8:54  Medivac  
  131  8:56  Marine  
  131  8:59  SCV x2  
  131  9:02  Marine x3  
  127  9:03  SCV  
  115  9:10  Marine x3  
  115  9:11  SCV x2  
  115  9:14  Marine  
  115  9:15  SCV  
  122  9:17  Siege Tank  
  122  9:20  Marine x3  
  122  9:23  SCV x2  
  130  9:25  Armory  
  130  9:28  Marine  
  130  9:29  Supply Depot  
  132  9:34  Barracks Tech Lab  
  132  9:35  Marine  
  132  9:36  Marauder  
  132  9:38  Marine x3  
  137  9:47  Command Center  
  137  9:49  Viking x2  
  137  9:50  Sensor Tower  
  141  9:56  Marauder  
  141  9:57  Marauder, Barracks Tech Lab, Marine x3  
  141  9:58  Supply Depot  
  148  10:09  Siege Tank  
  148  10:10  Marine  
  152  10:15  Marine  
  152  10:19  Medivac x2  
  152  10:20  Supply Depot x2  
  152  10:37  Marauder x3  
  152  10:39  Marine x4  
  162  10:45  Terran Infantry Weapons Level 2, Terran Infantry Armor Level 2  
  162  10:48  Terran Ship Weapons Level 1  
  162  10:51  Starport  
  162  10:52  Starport  
  153  10:57  Viking x2  
  153  11:02  Marine x4  
  160  11:04  Orbital Command  
  160  11:06  Marine x2  
  160  11:09  Thor  
  169  11:11  SCV x3  
  171  11:22  Refinery  
  171  11:28  Refinery  
  171  11:30  Viking x2  
  171  11:31  Starport Reactor x2  
  175  11:32  Fusion Core  
  175  11:41  Concussive Shells  
  175  11:49  Marine x2  
  175  11:50  Marine x2, Marauder x3  
  162  11:55  Siege Tank  
  162  12:00  Viking x2  
  146  12:07  Marine x4  
  133  12:10  Viking x2  
  133  12:11  Marine x2, Marauder  
  133  12:12  Viking  
  143  12:25  Marine x4  
  143  12:27  Siege Tank  
  143  12:28  Marine  
  143  12:29  Marauder  
  151  12:32  Marauder  
  151  12:33  Viking x2  
  151  12:35  Liberator  
  159  12:43  Marine x2  
  160  12:47  Marauder  
  160  12:49  Viking  
  160  12:50  Marauder  
  162  12:54  Marauder  
Tags
 
Add a new tag
Caveats
  • Supply blocks, unpowered buildings, or Contaminate may cause inaccurate times.
  • Supply counts are checked every 10 seconds.